 Dungeon Crawl Stone Soup version 0.22-a0-833-g8522bf8 (webtiles) character file.

18 Amnesiac the Magician (level 2, -6/19 HPs)
             Began as a Mummy Earth Elementalist on July 25, 2018.
             Mangled by a gnoll
             ... wielding a +0 spear
              (8 damage)
             ... on level 2 of the Dungeon.
             The game lasted 00:01:19 (533 turns).

Amnesiac the Magician (Mummy Earth Elementalist)     Turns: 533, Time: 00:01:20

Health: -6/19      AC:  2    Str: 11    XL:     2   Next: 51%
Magic:  3/6        EV: 12    Int: 14    God:
Gold:   34         SH:  0    Dex: 12    Spells: 4/7 levels left

rFire    x . .     SeeInvis .   d - +0 dagger (curse)
rCold    + . .     Gourm    .   (no shield)
rNeg     + + +     Faith    .   c - +0 robe
rPois    ∞         Spirit   .   (no helmet)
rElec    .         Reflect  .   (no cloak)
rCorr    .         Harm     .   (no gloves)
MR       .....                  (no boots)
Stlth    +.........             (no amulet)
HPRegen  0.06/turn              a - ring of attention (curse)
MPRegen  0.10/turn              (no ring)

@: no status effects
A: no food or potions, fire vulnerability, cold resistance 1, negative energy
resistance 3, torment resistance, unbreathing
a: no special abilities


You were on level 2 of the Dungeon.
You were not hungry.

You visited 1 branch of the dungeon, and saw 3 of its levels.

You collected 34 gold pieces.

Inventory:

Hand Weapons
 d - a cursed +0 dagger (weapon)
Missiles
 b - 5 stones (quivered)
Armour
 c - a +0 robe (worn)
Jewellery
 a - a cursed ring of attention (left hand)
Scrolls
 e - a scroll of amnesia {!r, unknown}
 f - 2 scrolls of remove curse {!r, unknown}
 g - a scroll of identify {!r, unknown}


   Skills:
 - Level 1.5 Dodging
 - Level 1.5 Stealth
 + Level 3.1 Spellcasting
 - Level 0.7 Transmutations
 * Level 3.0 Earth Magic


You had 4 spell levels left.
You knew the following spells:

 Your Spells              Type           Power        Failure   Level  Hunger
a - Sandblast             Erth           ##....       6%          1    N/A
b - Passwall              Tmut/Erth      #.......     14%         2    N/A

Your spell library contained the following spells:

 Spells                   Type           Power        Failure   Level  Hunger
 Stone Arrow              Conj/Erth      #.....       34%         3    N/A
 Lee's Rapid Deconstruct  Erth           ##........   86%         5    N/A
 Petrify                  Tmut/Erth      #.......     67%         4    N/A

Dungeon Overview and Level Annotations

Branches:
Dungeon (3/15)

Altars:


Innate Abilities, Weirdness & Mutations

You do not eat or drink.
Your flesh is vulnerable to fire.
You are immune to poison.
Your flesh is cold resistant. (rC+)
You are immune to negative energy. (rN+++)
You are immune to unholy pain and torment.
You can survive without breathing.


Message History

The blast of sand hits the orc.
You kill the orc!
b - 9 stones
Casting: Sandblast (safe; 6% risk of failure)
Confirm with . or Enter, or press ? or * to list all spells.
You don't have enough magic to cast that spell.
The orc wizard casts a cantrip, but nothing happens.
The gnoll completely misses you.
You climb upwards.
There is a stone staircase leading down here.
You start resting.
The bat is too close now for your liking.
A bat is nearby!
Casting: Sandblast (safe; 6% risk of failure)
Confirm with . or Enter, or press ? or * to list all spells.
Aiming: Sandblast (safe; 6% risk of failure)
Press: ? - help, Shift-Dir - straight line, f - bat
Aim: a bat The blast of sand hits the bat.
You kill the bat!
b - 8 stones No target in view!
No target in view!
There is a stone staircase leading down here.
You start resting.
Magic restored.
You start resting.
Magic restored.
You climb downwards.
The gnoll hits you but does no damage.
There is a stone staircase leading up here.
The gnoll hits you with a spear.
You climb upwards.
There is a stone staircase leading down here.
Casting: Sandblast (safe; 6% risk of failure)
Confirm with . or Enter, or press ? or * to list all spells.
Aiming: Sandblast (safe; 6% risk of failure)
Press: ? - help, Shift-Dir - straight line, f - gnoll
Aim: a gnoll, wielding a spear The blast of sand hits the gnoll.
The gnoll is moderately wounded.
b - 7 stones The gnoll hits you with a spear!
Ouch! That really hurt!
* * * LOW HITPOINT WARNING * * *
Casting: Sandblast (safe; 6% risk of failure)
Confirm with . or Enter, or press ? or * to list all spells.
Aiming: Sandblast (safe; 6% risk of failure)
Press: ? - help, Shift-Dir - straight line, f/p - gnoll
Aim: a gnoll, wielding a spear (moderately wounded)
The blast of sand hits the gnoll.
The gnoll is severely wounded.
b - 6 stones The gnoll hits you with a spear.
* * * LOW HITPOINT WARNING * * *
Casting: Sandblast (safe; 6% risk of failure)
Confirm with . or Enter, or press ? or * to list all spells.
Aiming: Sandblast (safe; 6% risk of failure)
Press: ? - help, Shift-Dir - straight line, f/p - gnoll
Aim: a gnoll, wielding a spear (severely wounded)
The blast of sand hits the gnoll.
The gnoll is severely wounded.
b - 5 stones The gnoll hits you with a spear!
You die...

#.........##.##
#..#...##...[.#
#..#.#....#....
##..#...#####...
#######.........######
#.....................
#.....................
#...............######
#####@..........#
#.g.........#
#...........#
#...†.....(.#
#...........#
#...........#
##..#.........
##...........#
##.........##


You could see a gnoll.

Vanquished Creatures
  A worm (D:2)
  A leopard gecko (D:1)
  2 orcs (D:3)
  2 giant cockroaches
  A goblin (D:1)
  A hobgoblin (D:1)
  A kobold (D:2)
  A bat (D:2)
  A frilled lizard (D:3)
  A rat (D:2)
12 creatures vanquished.

Notes
Turn   | Place    | Note
-------+----------+-------------------------------------------
     0 | D:1      | Amnesiac the Mummy Earth Elementalist began the quest for the Orb.
     0 | D:1      | Reached XP level 1. HP: 13/13 MP: 4/4
   357 | D:2      | Reached XP level 2. HP: 19/19 MP: 2/5
   362 | D:2      | Learned a level 2 spell: Passwall
   533 | D:2      | Mangled by a gnoll

Vault maps used:
D:1:      dpeg_arrival_yet_another_circle, minmay_crystal_water
D:2:      grunt_qazlal_sundering, chequers_ecumenical_altar_simple_redux

Skill      XL: |  1  2 |
---------------+-------+-----
Spellcasting   | 3 |  3.1
Earth Magic    | 3 |  3.0
Dodging        | |  1.5
Stealth        | |  1.5
Transmutations | |  0.7

Action                   || total
-------------------------++-------
Melee: Dagger            ||     1
 Cast: Sandblast         ||    25
Armor: Robe              ||     2
Dodge: Dodged            ||     6

Table legend:
 A = Spawn XP
 B = Non-spawn XP
 C = Spawn XP percentage of total XP
 D = Spawn monster count
 E = Non-spawn monster count
 F = Spawn count percentage of total count
 G = Total turns spent on level
                    A         B        C        D         E        F      G
               +---------+---------+-------+---------+---------+-------+---------
         Total |       0 |      27 |   0.0 |       0 |      12 |   0.0 |   533
               +---------+---------+-------+---------+---------+-------+---------
           D:1 |       0 |       7 |   0.0 |       0 |       3 |   0.0 |   328
           D:2 |       0 |      11 |   0.0 |       0 |       5 |   0.0 |   194
           D:3 |       0 |       9 |   0.0 |       0 |       4 |   0.0 |    11
               +---------+---------+-------+---------+---------+-------+---------
